Map: Cyber Forest LE

Players

goblin - Winner!

  • Race: Protoss Protoss
  • Spawn Location: 5:00

Probe

  • Race: Protoss Protoss
  • Spawn Location: 11:00

Event: 2019 WCS Spring

VOD

Have the link to the VOD?

Description

Time

  • Played on: May 17, 2019, 1:35 p.m.
  • Length: 8:19

All games in this series

Show
View Real Time Build Order
Export as new Build Order

goblin Protoss - Winner!

Build Orders: Oracle Opening 

Get SALT Encoding   

  12  0:00  Probe  
  13  0:12  Probe  
  14  0:17  Pylon  
  14  0:24  Probe  
  15  0:32  Probe  
  15  0:37  Gateway  
  15  0:40  Probe  
  16  0:46  Assimilator  
  17  0:51  Probe  
  17  0:54  Assimilator  
  18  0:59  Probe  
  19  1:07  Probe, Gateway  
  19  1:17  Probe  
  20  1:24  Cybernetics Core  
  21  1:29  Probe  
  22  1:34  Pylon  
  22  1:41  Probe  
  23  1:52  Pylon  
  23  1:53  Probe  
  24  2:00  Adept  
  26  2:02  Adept  
  26  2:05  Warp Gate  
  28  2:12  Pylon  
  28  2:22  Stargate  
  28  2:35  Adept  
  28  2:36  Adept  
  32  2:46  Shield Battery  
  32  2:55  Oracle  
  35  3:05  Adept  
  35  3:06  Adept  
  39  3:30  Oracle  
  39  3:31  Nexus  
  42  3:48  Probe  
  43  3:55  Twilight Council  
  43  4:01  Pylon  
  43  4:13  Stalker  
  45  4:20  Probe  
  45  4:21  Blink  
  46  4:32  Probe  
  46  4:37  Sentry  
  49  4:42  Stalker  
  49  4:43  Probe  
  49  4:44  Probe  
  53  4:54  Probe  
  53  4:57  Probe  
  55  5:02  Probe  
  56  5:09  Probe  
  57  5:15  Probe  
  57  5:16  Pylon x2  
  57  5:21  Probe  
  59  5:27  Stalker, Probe  
  62  5:34  Probe, Robotics Facility  
  62  5:35  Stalker  
  65  5:45  Probe  
  65  5:46  Probe  
  65  5:47  Gateway  
  67  5:50  Gateway  
  67  5:57  Probe  
  67  5:58  Probe  
  69  6:06  Gateway  
  69  6:07  Gateway  
  69  6:08  Gateway  
  69  6:12  Assimilator  
  69  6:14  Observer  
  69  6:15  Pylon  
  69  6:19  Probe x2  
  69  6:20  Assimilator  
  69  6:24  Warp Prism  
  72  6:34  Stalker x2  
  72  6:38  Charge  
  78  6:46  Stalker x2  
  82  6:59  Stalker x2  
  86  7:02  Pylon  
  86  7:03  Pylon  
  86  7:26  Stalker x6  
  96  7:40  Stalker  
  88  7:51  Stalker  
  88  7:52  Stalker x3, Zealot  
  82  8:07  Stalker x2  
  76  8:17  Stalker x4  
Show
View Real Time Build Order
Export as new Build Order

Probe Protoss 

Build Orders: Phoenix Opening, Blink Stalkers 

Get SALT Encoding   

  12  0:00  Probe  
  13  0:13  Probe  
  14  0:19  Pylon  
  14  0:25  Probe  
  15  0:33  Probe  
  15  0:38  Gateway  
  15  0:41  Probe  
  16  0:46  Assimilator  
  17  0:51  Probe  
  17  0:55  Assimilator  
  18  0:59  Probe  
  19  1:08  Probe  
  19  1:12  Gateway  
  19  1:17  Probe  
  21  1:25  Cybernetics Core  
  21  1:30  Probe  
  22  1:34  Pylon  
  22  1:42  Probe  
  23  1:54  Probe  
  24  2:02  Stalker, Warp Gate  
  24  2:03  Sentry  
  24  2:06  Probe  
  29  2:13  Pylon  
  29  2:24  Probe  
  30  2:40  Stalker x2  
  30  2:43  Twilight Council  
  33  2:45  Phoenix, Probe  
  34  2:57  Probe  
  35  3:10  Stalker x2  
  39  3:16  Pylon  
  39  3:17  Shield Battery  
  39  3:20  Shield Battery  
  38  3:31  Blink  
  38  3:37  Probe  
  39  3:52  Stalker x2  
  43  4:07  Nexus  
  43  4:15  Phoenix  
  43  4:16  Stalker  
  43  4:17  Stalker  
  47  4:23  Pylon  
  47  4:33  Shield Battery  
  47  4:41  Forge  
  47  4:43  Stalker  
  49  4:46  Stalker  
  49  4:50  Probe  
  52  5:02  Probe  
  53  5:12  Stalker  
  55  5:18  Probe  
  56  5:27  Stalker  
  56  5:28  Protoss Ground Weapons Level 1, Probe  
  58  5:30  Probe  
  60  5:35  Pylon  
  60  5:40  Stalker, Probe  
  63  5:43  Probe  
  64  5:51  Phoenix  
  64  5:52  Probe  
  64  5:55  Probe  
  66  5:59  Robotics Facility  
  66  6:02  Stalker  
  66  6:03  Probe  
  68  6:07  Probe  
  68  6:11  Probe, Pylon  
  71  6:19  Probe x2  
  71  6:24  Charge  
  73  6:32  Nexus  
  73  6:37  Assimilator  
  73  6:41  Gateway  
  73  6:45  Gateway  
  74  6:47  Observer  
  74  6:55  Gateway x2  
  74  6:59  Gateway  
  74  7:05  Gateway  
  74  7:07  Pylon  
  74  7:10  Pylon  
  74  7:11  Sentry  
  76  7:16  Warp Prism  
  77  7:24  Stalker  
  77  7:26  Pylon  
  79  7:36  Stalker  
  79  7:37  Stalker  
  79  7:40  Stalker  
  79  7:41  Probe  
  78  7:54  Stalker x3  
  74  8:05  Stalker  
  31  8:17  Stalker  
Tags
 
Add a new tag
Caveats
  • Supply blocks, unpowered buildings, or Contaminate may cause inaccurate times.
  • Supply counts are checked every 10 seconds.